cohdb
Replays
Latest Replays
All Replays
Popular Replays
Top Player Replays
Match Explorer
How It Works
Community
CoH3 Stats
Reddit
Sign in to upload your games and track your stats! →
Sign in with Steam
Match 41888396
Unlisted
Match 41888396
Overview
Messages
Build Orders
End
Construct Weapon Support Center
Construct Barracks
1⁄4-ton 4x4 Truck
M1 Mortar Team
Selects Armored Battlegroup
Selects Veteran Crews
Riflemen Squad
Riflemen Squad
Grenade Package
Infantry Support Center
Construct Motor Pool
Selects M31 Recovery Vehicle
M8 Greyhound Armored Car
Selects Strength in Steel
Engineer Squad
M1 Anti-tank Gun Team
Construct Tank Depot
Engineer Squad
M1 Anti-tank Gun Team
Selects Seek and Destroy
Selects UNKNOWN (2160077)
M4A3E8 Sherman Easy Eight
Riflemen Squad
M18 Hellcat Tank Destroyer
Selects War Machine
M4A3E8 Sherman Easy Eight
sgtViveron
CuteBaguettE
MrKindCookie
BIOHAZARD
Sauzer88
=BIA=Decapsy
0
0
Comments
sign in to comment!
No comments posted yet!